 Dungeon Crawl Stone Soup version 0.30.0-19-g36f170ea60 (webtiles) character file.

Game seed: 2413328776905746859

50252 olmar the Basher (level 14, -7/132 HPs)
             Began as an Armataur Fighter on May 31, 2023.
             Was an Initiate of Gozag.
             Mangled by a six-headed hydra (12 damage)
             ... on level 4 of the Lair of Beasts.
             The game lasted 00:30:54 (22558 turns).

olmar the Basher (Armataur Fighter)                Turns: 22558, Time: 00:30:55

Health: -7/132     AC: 15    Str: 25    XL:     14   Next: 19%
Magic:  14/14      EV: 11    Int:  8    God:    Gozag
Gold:   1350       SH:  0    Dex: 18    Spells: 13/13 levels left

rFire   + . .        c - +0 demon whip (venom)
rCold   + . .        (no shield)
rNeg    . . .        b - +0 scale mail
rPois   +            W - +2 hat {Stlth+}
rElec   +            T - +1 cloak {Will+}
rCorr   +            S - +0 pair of gloves
SInv    .            (no barding)
Will    ++...        (no amulet)
Stlth   ++++         i - ring of poison resistance
HPRegen 0.42/turn    J - +6 ring of dexterity
MPRegen 0.14/turn

%: roll
@: mighty, resistant, hasted, very quick
A: large, rugged brown scales 3, deformed body, armoured tail, roll, long
tongue, awkward tongue
a: Renounce Religion, Potion Petition, Call Merchant, Bribe Branch


You were on level 4 of the Lair of Beasts.
You worshipped Gozag.
Gozag was most pleased with you.
You visited 4 branches of the dungeon, and saw 19 of its levels.
You also visited: Ossuary.

You collected 4920 gold pieces.
You spent 90 gold pieces at shops.
You paid 3480 gold pieces to Gozag.

Inventory:

Hand Weapons
 c - a +0 demon whip of venom (weapon)
 n - a +1 dire flail of draining
 M - a +6 flail
Missiles
 B - a throwing net
 Z - 5 curare-tipped darts
Armour
 b - a +0 scale mail (worn)
 S - a +0 pair of gloves (worn)
 T - a +1 cloak of willpower (worn)
 W - a +2 hat of stealth (worn)
Jewellery
 f - a +6 ring of intelligence
 i - a ring of poison resistance (left hand)
 s - a +5 ring of evasion
 F - a ring of protection from cold
 J - a +6 ring of dexterity (right hand)
 Q - a ring of protection from fire
Wands
 p - a wand of polymorph (7)
 D - a wand of light (2)
 E - a wand of digging (9)
 P - a wand of mindburst (7)
 X - a wand of paralysis (1)
Scrolls
 a - 2 scrolls of amnesia
 d - a scroll of identify
 g - a scroll of immolation
 h - 2 scrolls of noise
 j - 3 scrolls of poison
 k - a scroll of fog
 l - 5 scrolls of enchant weapon
 m - 6 scrolls of magic mapping
 q - a scroll of silence
 r - 2 scrolls of teleportation
 y - 4 scrolls of blinking
 z - a scroll of enchant armour {unknown}
 I - a scroll of butterflies
 N - 4 scrolls of fear
 V - a scroll of brand weapon {unknown}
Potions
 e - 3 potions of curing
 o - 3 potions of heal wounds
 t - 3 potions of mutation
 u - 5 potions of might
 v - 2 potions of attraction
 w - 8 potions of ambrosia
 x - a potion of magic
 A - a potion of berserk rage
 G - 2 potions of lignification
 O - 10 potions of degeneration
 R - 3 potions of flight
 Y - a potion of haste
Miscellaneous
 K - a lightning rod (3/4)


   Skills:
 + Level 11.1 Fighting
 + Level 14.6 Maces & Flails
 + Level 13.5 Armour
 + Level 5.7 Dodging
 + Level 8.2 Stealth
 + Level 4.5 Shields
 + Level 4.0 Evocations


You had 13 spell levels left.
You didn't know any spells.
Your spell library contained the following spells:

 Spells                   Type           Power      Damage    Failure   Level
 Apportation              Tloc           0%         N/A       63%         1
 Sting                    Tmut/Pois      0%         1d3       63%         1
 Ensorcelled Hibernation  Hex/Ice        0%         N/A       77%         2
 Lesser Beckoning         Tloc           0%         N/A       77%         2
 Passwall                 Tmut/Erth      0%         N/A       77%         2
 Poisonous Vapours        Pois/Air       0%         N/A       77%         2
 Searing Ray              Conj           0%         2d4       77%         2
 Sublimation of Blood     Necr           0%         N/A       77%         2
 Wereblood                Tmut           0%         N/A       77%         2
 Frozen Ramparts          Ice            0%         1d1       94%         3
 Gell's Gravitas          Tloc           0%         N/A       94%         3
 Mephitic Cloud           Conj/Pois/Air  0%         N/A       94%         3
 Ozocubu's Armour         Ice            0%         N/A       94%         3
 Spider Form              Tmut/Pois      0%         N/A       94%         3
 Swiftness                Air            0%         N/A       94%         3
 Teleport Other           Tloc           0%         N/A       94%         3
 Anguish                  Hex/Necr       0%         N/A       100%        4
 Cause Fear               Hex            0%         N/A       100%        4
 Flame Wave               Conj/Fire      0%         2d4       100%        4
 Ice Form                 Ice/Tmut       0%         N/A       100%        4
 Olgreb's Toxic Radiance  Pois           0%         N/A       100%        4
 Passage of Golubria      Tloc           0%         N/A       100%        4
 Summon Ice Beast         Ice/Summ       0%         N/A       100%        4
 Summon Lightning Spire   Summ/Air       0%         N/A       100%        4
 Alistair's Intoxication  Tmut/Pois      0%         N/A       100%        5
 Metabolic Englaciation   Hex/Ice        0%         N/A       100%        5
 Silence                  Hex/Air        0%         N/A       100%        5
 Enfeeble                 Hex            0%         N/A       100%        7
 Storm Form               Tmut/Air       0%         N/A       100%        7
 Summon Hydra             Summ           0%         N/A       100%        7
 Lehudib's Crystal Spear  Conj/Erth      0%         10d2      100%        8
 Maxwell's Capacitive Co  Air            0%         ∞         100%        8
 Simulacrum               Ice/Necr       Unusable   N/A       N/A         6

Dungeon Overview and Level Annotations

Branches:
Dungeon (12/15)            Temple (1/1) D:7            Lair (4/5) D:11
 Shoals (0/4) Lair:2        Snake (0/4) Lair:3        Slime (0/5) Lair:4
    Orc (2/2) D:10            Elf (0/3) Orc:2       Ossuary (visited)

Altars:
Ashenzari
Cheibriados
Dithmenos
Elyvilon
Fedhas
Gozag
Hepliaklqana
Kikubaaqudgha
Makhleb
Nemelex Xobeh
Okawaru
Qazlal
Ru
Sif Muna
Trog
Uskayaw
Vehumet
Wu Jian
Xom
Yredelemnul
Zin
The Shining One
Jiyva

Shops:
D:4 ?   D:9 [   Orc:2 (:(([(   Lair:2 [

Portals:
Trove: D:12 (give 6 scrolls of fog)

Annotations:
Lair:1 3 runed translucent doors, Sammaje's ghost, novice MiBe
Orc:1 2 transporters, Luopp's ghost, journeyman MiFi


Innate Abilities, Weirdness & Mutations

You are completely covered in rugged brown scales. (AC +3, +7% HP)
Armour fits poorly on your strangely shaped body.
You have a long armoured tail.
You roll when moving toward enemies. (Rampage)
Your long tongue fully drains potion bottles. (2x potion effects)
Your tongue gives you trouble enunciating. (1.5x scroll delay)


Message History

The komodo dragon is severely wounded.
The komodo dragon barely misses you. The six-headed hydra bites you!
The six-headed hydra bites you. The six-headed hydra bites you!
The six-headed hydra bites you but does no damage.
The six-headed hydra bites you.
The six-headed hydra bites you but does no damage.
You hit the komodo dragon but do no damage.
The komodo dragon looks as sick as possible!
You tail-slap the komodo dragon.
The komodo dragon is severely wounded.
Unknown command.
You barely miss the komodo dragon.
The komodo dragon is almost dead.
The komodo dragon bites you!
* * * LOW HITPOINT WARNING * * *
The six-headed hydra bites you but does no damage.
The six-headed hydra bites you!
* * * LOW HITPOINT WARNING * * *
The six-headed hydra bites you!
* * * LOW HITPOINT WARNING * * *
The six-headed hydra bites you but does no damage.
The six-headed hydra closely misses you.
The six-headed hydra barely misses you.
Unknown command.
Okay, then. [a] - 528 gold - resistance, might and haste [b] - 300 gold - invisibility and might [c] - 644 gold - resistance, invisibility and haste Purchase which effect?
You no longer have enough gold to fund merchants seeking to open stores in the dungeon.
You feel protected.
You feel very mighty all of a sudden.
You feel yourself speed up. The komodo dragon bites you.
* * * LOW HITPOINT WARNING * * *
The six-headed hydra bites you.
* * * LOW HITPOINT WARNING * * *
The six-headed hydra misses you.
The six-headed hydra closely misses you.
The six-headed hydra bites you!
You die...
Your body crumbles into a pile of gold.

##....####.............
.......#.##.......#.....
#.......................
.................#.#....
........##.#......#.....
........##.#.......P....
........##..............
........................
.......@#...............
......lD$...............
.................#.#...>
P................###....
##.........#.##.## #....
##......P.###### ###..
##.#.##### ##. #### ##


You could see a six-headed hydra and a komodo dragon (extremely poisoned).

Vanquished Creatures
  Gastronok (Orc:1)
  An orc warlord (Orc:2)
  A hydra (Lair:4)
  An ice dragon (Lair:3)
  A centaur warrior (D:11)
  2 boulder beetles
  3 two-headed ogres
  A death yak (Lair:3)
  6 orc high priests (Orc:2)
  Sonja (Lair:2)
  Amaemon (Lair:2)
  4 skeletal warriors (D:12)
  3 skysharks
  A deep elf pyromancer (D:12)
  Pikel (D:4)
  An orc knight (Orc:1)
  A necromancer (Lair:3)
  A manticore (D:11)
  3 black mambas
  Joseph (D:9)
  An ice statue (Lair:3)
  6 elephants (Lair:1)
  Maurice (D:10)
  An orange demon (Lair:2)
  4 cane toads
  9 komodo dragons
  Maggie (D:7)
  5 rime drakes
  2 polar bears (Lair:3)
  A queen bee (Lair:1)
  6 trolls
  12 blink frogs
  Sigmund (D:2)
  46 yaks
  8 wyverns
  A shadow (D:12)
  A basilisk (Lair:2)
  3 nagas (Lair:3)
  Edmund (D:4)
  7 wargs (Orc:2)
  2 acid dragons
  7 water moccasins
  2 ice beasts
  A sky beast (D:7)
  17 orc warriors
  A black bear (D:6)
  A swamp drake (D:10)
  5 ogres
  A wolf (Lair:3)
  4 centaurs
  A lemure (D:4)
  A kobold brigand (D:10)
  13 bullfrogs
  Blork the orc (D:4)
  3 elf skeletons (D:4)
  A gnoll sergeant (D:10)
  A scorpion (D:11)
  An entropy weaver simulacrum (Lair:3)
  12 wights (D:8)
  34 killer bees
  4 howler monkeys
  4 jellies
  A gnoll bouda (D:7)
  33 orc priests
  A hound (D:7)
  3 iguanas
  7 hell rats (Lair:2)
  2 human skeletons (D:4)
  16 orc wizards
  3 sleepcaps
  2 polar bear simulacra (Lair:3)
  2 yak simulacra (Lair:3)
  A spriggan simulacrum (Lair:3)
  6 wolf simulacra (Lair:3)
  2 hound zombies (Ossuary)
  4 mummies (Ossuary)
  16 gnolls
  9 adders
  3 shadow imps (D:7)
  An ufetubus (D:4)
  An adder zombie (Ossuary)
  5 worms
  2 dart slugs
  96 orcs
  4 ball pythons
  4 endoplasms
  4 giant cockroaches
  2 gnoll zombies (Ossuary)
  4 goblins
  12 hobgoblins
  6 jackals (D:2)
  8 kobolds
  4 quokkas
  3 bats
  A frilled lizard (D:2)
  A goblin zombie (Ossuary)
  A hobgoblin zombie (Ossuary)
  4 jackal zombies (Ossuary)
  An orc skeleton (D:4)
  2 rats
  A rat zombie (Ossuary)
  2 river rat simulacra (Lair:3)
549 creatures vanquished.

Vanquished Creatures (others)
  A water moccasin (Lair:3)
1 creature vanquished.

Grand Total: 550 creatures vanquished

Notes
Turn   | Place    | Note
-------+----------+-------------------------------------------
     0 | D:1      | olmar the Armataur Fighter began the quest for the Orb.
     0 | D:1      | Reached XP level 1. HP: 19/19 MP: 1/1
   169 | D:1      | Reached XP level 2. HP: 3/26 MP: 2/2
   315 | D:1      | Reached skill level 2 in Maces & Flails
  1073 | D:2      | You fall into a shaft and drop 2 floors!
  1093 | D:4      | Reached XP level 3. HP: 32/32 MP: 3/3
  1114 | D:4      | Noticed a lemure
  1131 | D:4      | Killed a lemure
  1145 | D:4      | Noticed a bullfrog
  1158 | D:4      | Killed a bullfrog
  1159 | D:4      | Reached XP level 4. HP: 27/40 MP: 4/4
  1162 | D:4      | Noticed Blork the orc
  1179 | D:4      | Killed Blork the orc
  1180 | D:4      | Reached skill level 3 in Maces & Flails
  1180 | D:4      | Reached XP level 5. HP: 32/48 MP: 5/5
  1185 | D:4      | Reached skill level 5 in Armour
  1187 | D:4      | Noticed Pikel
  1190 | D:4      | Noticed a lemure
  1193 | D:4      | Noticed a lemure
  1195 | D:4      | Noticed a lemure
  1197 | D:4      | Killed Pikel
  1198 | D:4      | Reached skill level 4 in Maces & Flails
  1198 | D:4      | Reached skill level 1 in Dodging
  1198 | D:4      | Reached skill level 1 in Stealth
  1198 | D:4      | Reached XP level 6. HP: 48/55 MP: 6/6
  1198 | D:4      | Reached XP level 7. HP: 55/62 MP: 7/7
  1238 | D:4      | Found a sand-covered staircase.
  1244 | D:4      | Reached skill level 5 in Maces & Flails
  1247 | Ossuary  | Entered an ossuary
  1799 | D:4      | Reached XP level 8. HP: 70/70 MP: 8/8
  1815 | D:4      | Noticed Edmund
  1823 | D:4      | Killed Edmund
  1824 | D:4      | Reached skill level 6 in Maces & Flails
  1926 | D:4      | Found Qauthrube's Magic Scroll Emporium.
  1950 | D:4      | Bought a scroll of blinking for 90 gold pieces
  3179 | D:2      | Noticed Sigmund
  3239 | D:2      | Killed Sigmund
  3276 | D:2      | Found a faded altar of an unknown god.
  3770 | D:5      | Entered Level 5 of the Dungeon
  4028 | D:5      | Reached skill level 7 in Maces & Flails
  4385 | D:5      | Found a hazy altar of Hepliaklqana.
  4730 | D:6      | Reached XP level 9. HP: 60/78 MP: 9/9
  4895 | D:6      | Reached skill level 5 in Fighting
  5203 | D:7      | Reached skill level 8 in Maces & Flails
  5497 | D:7      | Noticed Maggie
  5510 | D:7      | Killed Maggie
  5721 | D:7      | Found a staircase to the Ecumenical Temple.
  5753 | Temple   | Entered the Ecumenical Temple
  6236 | D:7      | Reached skill level 9 in Maces & Flails
  7030 | D:8      | Reached XP level 10. HP: 42/88 MP: 10/10
  7844 | D:8      | HP: 6/121 [poisoned by a killer bee]
  7849 | D:8      | HP: 4/123 [poisoned by a killer bee]
  7854 | D:8      | HP: 1/83 [poisoned by a killer bee]
  8262 | D:9      | Reached skill level 10 in Armour
  8265 | D:9      | Reached skill level 10 in Maces & Flails
  8644 | D:9      | Found Kosihukk's Armour Shoppe.
  8763 | D:9      | Noticed Joseph
  8777 | D:9      | Killed Joseph
  9315 | D:10     | Entered Level 10 of the Dungeon
  9318 | D:10     | Found a white marble altar of Elyvilon.
  9320 | D:10     | Noticed a two-headed ogre
  9328 | D:10     | Killed a two-headed ogre
  9366 | D:10     | Reached skill level 1 in Evocations
  9366 | D:10     | Reached XP level 11. HP: 81/97 MP: 11/11
  9382 | D:10     | Found an opulent altar of Gozag.
  9403 | D:10     | Became a worshipper of Gozag Ym Sagoz the Greedy
  9778 | D:10     | Noticed Maurice
  9780 | D:10     | Paralysed by Maurice for 3 turns
  9795 | D:10     | Killed Maurice
  9944 | D:10     | Noticed a two-headed ogre
  9949 | D:10     | Killed a two-headed ogre
  9950 | D:10     | Reached skill level 11 in Maces & Flails
 10187 | D:10     | Found a staircase to the Orcish Mines.
 10509 | Orc:1    | Entered Level 1 of the Orcish Mines
 10593 | Orc:1    | Found a transporter.
 10596 | Orc:1    | Found a transporter.
 10596 | Orc:1    | Noticed a two-headed ogre
 10596 | Orc:1    | Noticed Luopp's ghost (journeyman MiFi)
 10601 | Orc:1    | Noticed a two-headed ogre
 10601 | Orc:1    | Noticed a two-headed ogre
 10603 | Orc:1    | Noticed a two-headed ogre
 10603 | Orc:1    | Noticed a two-headed ogre
 10992 | Orc:1    | Noticed Gastronok
 11446 | Orc:1    | Killed Gastronok
 11783 | Orc:1    | Noticed an orc knight
 11795 | Orc:1    | Killed an orc knight
 11908 | Orc:2    | Entered Level 2 of the Orcish Mines
 12186 | Orc:2    | Noticed an orc high priest
 12194 | Orc:2    | Killed an orc high priest
 12224 | Orc:2    | Reached skill level 12 in Maces & Flails
 12239 | Orc:2    | Noticed an orc warlord
 12246 | Orc:2    | Killed an orc warlord
 12247 | Orc:2    | Reached skill level 5 in Stealth
 12247 | Orc:2    | Reached XP level 12. HP: 82/109 MP: 12/12
 12251 | Orc:2    | Noticed an orc high priest
 12262 | Orc:2    | Killed an orc high priest
 12262 | Orc:2    | Noticed an orc high priest
 12493 | Orc:2    | Noticed an orc high priest
 12505 | Orc:2    | Killed an orc high priest
 12648 | Orc:2    | Noticed an orc high priest
 12677 | Orc:2    | Killed an orc high priest
 12709 | Orc:2    | Killed an orc high priest
 12732 | Orc:2    | Noticed an orc high priest
 12740 | Orc:2    | Killed an orc high priest
 13288 | Orc:2    | Found Gatuh's Weapon Boutique.
 13288 | Orc:2    | Found Ykhle's Book Emporium.
 13435 | Orc:2    | Found a staircase to the Elven Halls.
 13554 | Orc:2    | Found Fuhetzou's Weapon Emporium.
 13554 | Orc:2    | Found Pexkapru's Antique Armour Boutique.
 13681 | D:11     | Noticed a boulder beetle
 13690 | D:11     | Killed a boulder beetle
 13691 | D:11     | Reached skill level 13 in Maces & Flails
 14095 | D:11     | Noticed a centaur warrior
 14104 | D:11     | Killed a centaur warrior
 14320 | D:11     | Found a staircase to the Lair.
 14550 | D:11     | Got the Compendium of Luminous Flames
 14953 | D:12     | Noticed a two-headed ogre
 14960 | D:12     | Killed a two-headed ogre
 15324 | D:12     | Reached XP level 13. HP: 30/118 MP: 13/13
 15607 | D:12     | Found a portal to a secret trove of treasure.
 15722 | Lair:1   | Entered Level 1 of the Lair of Beasts
 16698 | Lair:1   | Found a runed translucent gate.
 16698 | Lair:1   | Found a runed translucent gate.
 16698 | Lair:1   | Found a viscous altar of Jiyva.
 16698 | Lair:1   | Found a runed translucent gate.
 16698 | Lair:1   | Noticed Sammaje's ghost (novice MiBe)
 16924 | Lair:1   | Reached skill level 5 in Dodging
 17060 | Lair:1   | Reached skill level 14 in Maces & Flails
 17291 | Lair:1   | Reached skill level 10 in Fighting
 17719 | Lair:2   | Noticed Sonja
 17720 | Lair:2   | Killed Sonja
 18324 | Lair:2   | Noticed Amaemon
 18336 | Lair:2   | Killed Amaemon
 18840 | Lair:2   | Found a staircase to the Shoals.
 20735 | Lair:3   | Reached XP level 14. HP: 130/130 MP: 14/14
 21482 | Lair:3   | Found a staircase to the Snake Pit.
 22033 | Lair:4   | Found a staircase to the Slime Pits.
 22558 | Lair:4   | HP: 5/132 [six-headed hydra (2)]
 22558 | Lair:4   | Mangled by a six-headed hydra

Illustrated notes

Levels and vault maps discovered:
D:1:      kilobyte_arrival_exit_the_forest, layout_rooms, minmay_crystal_room
D:2:      layout_basic, shapermc_ecumenical_altar_mp_ritualfount, uniq_sigmund
D:3:      layout_loops_ring, serial_rivers, chequers_serial_rivers_small_3,
          chequers_serial_rivers_micro_c, chequers_serial_rivers_small_3,
          chequers_serial_rivers_micro_c, chequers_serial_rivers_micro_b,
          st_stairs_6, grunt_ministairs_11
D:4:      layout_cave_pools, nicolae_ossuary_entry_catacombs, serial_shops,
          nicolae_shop_tiny_glass, uniq_edmund, uniq_pikel, uniq_blork_the_orc
D:5:      layout_cave_pools, nicolae_hepliaklqana_hazy_memory,
          minmay_door_square, minivault_1
D:6:      layout_basic
D:7:      layout_loops_ring, minmay_temple_entry_offerings, uniq_maggie
D:8:      layout_basic
D:9:      layout_small_grid, serial_shops, shop, chequers_serial_rivers_small_3,
          uniq_joseph
D:10:     layout_cave_pools, mainiacjoe_overflow_large_starburst, erik_orc_1,
          uniq_maurice
D:11:     layout_layer_cave, minmay_lair_entry_grove
D:12:     layout_roguey, nicolae_trove_entry_crystal
Temple:   compressed_dpeg_triangle_lava_temple
Lair:1:   dreamdust_cave_troll, layout_cave_shapes, special_room
          [special_room_bee], gammafunk_ghost_ooze, st_stairs_9,
          chequers_serial_rivers_small_a
Lair:2:   layout_cave_shapes, shoals_dummy_entry, uniq_sonja, uniq_amaemon
Lair:3:   dreamdust_isle_of_ice, layout_cave_pods,
          minmay_snake_entry_guardpost_medium, eino_house_with_fridge
Lair:4:   layout_gridlike, nicolae_slime_entry_field_trip,
          nicolae_lair_lindhole, grunt_megastairs_1
Orc:1:    layout_diamond_mine, gammafunk_ghost_smash, abandoned_shop,
          minmay_orc_barracks, uniq_gastronok
Orc:2:    st_orc_town, layout_caves, lemuel_statue_altar

Skill      XL: |  1  2  3  4  5  6  7  8  9 10 11 12 13 14 |
---------------+-------------------------------------------+-----
Maces & Flails | 2 3 4 5 7 9 10 12 13 14 | 14.6
Armour         | 4 5 6 7 9 10 11 12 13 | 13.5
Fighting       | 3 4 5 6 8 9 10 11 | 11.1
Shields        | 4 |  4.5
Dodging        | 1 2 3 4 5 |  5.7
Stealth        | 1 2 3 5 6 7 8 |  8.2
Evocations     | 1 2 3 4 |  4.0

Action                     |  1- 3 |  4- 6 |  7- 9 | 10-12 | 13-15 || total
---------------------------+-------+-------+-------+-------+-------++-------
  Melee: Flail             |    96 |     8 |       |     1 |   233 ||   338
         Tailslap          |     7 |     3 |    49 |   121 |   122 ||   302
         Dire flail        |       |     3 |   474 |   777 |   146 ||  1400
         Demon whip        |       |       |       |       |   243 ||   243
         Punch             |       |       |       |       |     9 ||     9
 Invoke: Call Merchant     |       |       |       |     2 |     1 ||     3
         Potion Petition   |       |       |       |       |     1 ||     1
  Evoke: Wand              |       |       |       |    26 |    16 ||    42
         Lightning rod     |       |       |       |    12 |     4 ||    16
    Use: Scroll            |     3 |       |     8 |    10 |     7 ||    28
         Potion            |       |     4 |     3 |     3 |    12 ||    22
   Stab: Invisible         |       |       |     2 |     5 |       ||     7
         Paralysed         |       |       |       |     6 |     5 ||    11
         Distracted        |       |       |       |     6 |     7 ||    13
         Sleeping          |       |       |       |     5 |     6 ||    11
 Armour: Scale mail        |    60 |       |   296 |   303 |   256 ||   915
         Skin              |       |       |       |       |     9 ||     9
  Dodge: Dodged            |    44 |     1 |   251 |   301 |   286 ||   883
  Block: Buckler           |    18 |     2 |       |       |       ||    20
